 Dungeon Crawl Stone Soup version 0.31-a0-237-g2d982f9f85 (webtiles) character file.

Game seed: 12455810703901685916

55 qw the Shooter (level 3, -4/21 HPs)
             Began as a Gargoyle Hexslinger on July 11, 2023.
             Killed by nerve-wracking pain
             ... invoked by Jessica
              (6 damage)
             ... on level 2 of the Dungeon.
             The game lasted 00:00:31 (1518 turns).

qw the Shooter (Gargoyle Hexslinger)                Turns: 1518, Time: 00:00:31

Health: -4/21      AC:  6    Str: 11    XL:     3   Next: 93%
Magic:  4/4        EV: 11    Int: 13    God:
Gold:   95         SH:  0    Dex: 14    Spells: 3/4 levels left

rFire   . . .        Y - +2 sling (heavy)
rCold   . . .        (no shield)
rNeg    + . .        l - +0 leather armour
rPois   inf          (no helmet)
rElec   +            (no cloak)
rCorr   .            (no gloves)
SInv    .            (no boots)
Will    .....        (no amulet)
Stlth   +            (no ring)
HPRegen 0.23/turn    (no ring)
MPRegen 0.09/turn

%: no passive effects
@: mighty
A: sickness immunity, AC +3, negative energy resistance 1, electricity
resistance, torment resistance 1, petrification resistance
a: no special abilities


You were on level 2 of the Dungeon.
You visited 1 branch of the dungeon, and saw 3 of its levels.

You collected 95 gold pieces.


Innate Abilities, Weirdness & Mutations

You are immune to sickness and miasma.
Your stone body is resilient. (AC +3)
You are immune to poison.
You resist negative energy. (rN+)
You are resistant to electric shocks. (rElec)
You are resistant to unholy torment.
You are immune to petrification.


   Skills:
 - Level 2.0 Fighting
 + Level 3.8 Ranged Weapons
 - Level 1.5 Dodging
 - Level 1.0 Spellcasting
 - Level 2.6 Hexes


You had 3 spell levels left.
You knew the following spells:

 Your Spells              Type           Power      Damage    Failure   Level
a - Slow                  Hex            28%        N/A       12%         1

Your spell library contained the following spells:

 Spells                   Type           Power      Damage    Failure   Level
 Inner Flame              Hex/Fire       4%         N/A       54%         3
 Portal Projectile        Hex/Tloc       8%         N/A       54%         3
 Cause Fear               Hex            3%         N/A       77%         4

Inventory:

Hand Weapons
 Y - a +2 heavy sling (weapon)
Armour
 l - a +0 leather armour (worn)
Scrolls
 e - a scroll of identify
Potions
 f - a potion of might
 g - a potion of curing
 j - a potion of attraction {unknown}

Dungeon Overview and Level Annotations

Branches:
Dungeon (3/15)

Altars:

Shops:
D:2 (

Annotations:
D:2 Jessica


Message History

1488 ||| DROPPING potion of degeneration.
You drop a potion of degeneration.
Done exploring.
(D) Dungeon
Where to? (* - list waypoints, Enter - D:2, ? - help)
What level of the Dungeon? (default 1, ? - help)
You see here a +0 plate armour.
There is a stone staircase leading down here.
You climb downwards.
Jessica shouts!
Found a dagger and 6 gold pieces.
There is a stone staircase leading up here.
Jessica is nearby!
Waypoint 2 assigned to D:3.
You shoot a sling bullet. The sling bullet hits Jessica.
Jessica is moderately wounded.
You shoot a sling bullet.
The sling bullet closely misses Jessica.
You shoot a sling bullet.
The sling bullet closely misses Jessica.
You shoot a sling bullet.
The sling bullet closely misses Jessica.
Jessica hits you with a +8 club. Jessica hits you with a +8 club!
1514 ||| STAIRDANCE Jessica hits you with a +8 club!
You climb upwards.
There is a stone staircase leading down here.
You shoot a sling bullet. The sling bullet hits Jessica!
Jessica is almost dead.
Jessica closely misses you.
Jessica mumbles some strange words.
Jessica blinks!
You shoot a sling bullet. The sling bullet barely misses Jessica.
You shoot a sling bullet.
The sling bullet hits Jessica but does no damage.
Jessica is almost dead.
Jessica closely misses you.
Jessica points at you and mumbles some strange words.
Pain shoots through your body!
You die...

##### ##############....
#.........[.......
#.############.!..
##########.##.........#.###
#...........#.#######.#....
#.###.......#.#....##.####.
#.# #....%..#.#.##.##.# #.
#.######'#@##.#.#.....# #.
#.##.....#@...#.###########
#.###.####.#...............
#.#...........#.###########
##.########.#....# #
#.............#..# #
###########.####.###########
#......#............
#......#.#######....


You could see Jessica.

Vanquished Creatures
  2 adders (D:2)
  3 dart slugs
  2 endoplasms (D:1)
  3 giant cockroaches
  5 goblins (D:1)
  2 hobgoblins
  A kobold (D:1)
  2 quokkas (D:2)
  3 ball pythons
  3 bats
  2 frilled lizards (D:1)
  A rat (D:2)
29 creatures vanquished.

Notes
Turn   | Place    | Note
-------+----------+-------------------------------------------
     0 | D:1      | qw the Gargoyle Hexslinger began the quest for the Orb.
     0 | D:1      | Reached XP level 1. HP: 12/12 MP: 2/2
     0 | D:1      | 0 ||| qw: Version: 0.3-a-52-g30416fa
     0 | D:1      | 0 ||| qw: Game counter: 5778
     0 | D:1      | 0 ||| qw: Melee chars always use a shield: true
     0 | D:1      | 0 ||| qw: God list: Okawaru
     0 | D:1      | 0 ||| qw: Allow faded altars: false
     0 | D:1      | 0 ||| qw: Do Orc after clearing Dungeon:15 true
     0 | D:1      | 0 ||| qw: Do second Lair branch before Depths: true
     0 | D:1      | 0 ||| qw: Lair rune preference: random
     0 | D:1      | 0 ||| qw: Goals: Normal
     0 | D:1      | 0 ||| PLANNING D:1-11
   100 | D:1      | Reached XP level 2. HP: 16/16 MP: 3/3
   237 | D:1      | Reached skill level 3 in Ranged Weapons
   663 | D:1      | 663 ||| UPGRADING to +0 leather armour.
   673 | D:1      | 673 ||| DROPPING +0 robe.
   674 | D:1      | 674 ||| READING scroll labelled GYCLANA PIARYTT.
   675 | D:1      | 675 ||| READING 2 scrolls labelled PADWAHI UTOUS.
   676 | D:1      | 676 ||| READING scroll labelled DOP WITAOSU XONKIPS.
   677 | D:1      | 677 ||| READING scroll labelled URIACZ HYSHRUN.
   678 | D:1      | 678 ||| DRINKING 2 green potions.
   679 | D:1      | 679 ||| DROPPING scroll of poison.
   718 | D:2      | Reached XP level 3. HP: 21/21 MP: 4/4
   795 | D:2      | Found Emuquzyng's Antique Weapon Shop.
   811 | D:2      | 811 ||| SHOPLISTING fine sling (175 gold, have 65).
  1382 | D:2      | 1382 ||| READING scroll labelled FOTAIR UGRIEKA.
  1483 | D:2      | 1483 ||| READING scroll labelled QIUMIASUWK.
  1484 | D:2      | 1484 ||| DRINKING 2 metallic orange potions.
  1485 | D:2      | 1485 ||| READING 3 scrolls of identify.
  1485 | D:2      | 1485 ||| IDENTIFYING glowing green potion
  1486 | D:2      | 1486 ||| READING 2 scrolls of identify.
  1486 | D:2      | 1486 ||| IDENTIFYING blue potion
  1487 | D:2      | 1487 ||| DROPPING potion of lignification.
  1488 | D:2      | 1488 ||| DROPPING potion of degeneration.
  1509 | D:3      | Noticed Jessica
  1514 | D:3      | 1514 ||| STAIRDANCE
  1514 | D:3      | HP: 1/21 [Jessica/+8 club (7)]
  1518 | D:2      | Killed from afar by Jessica

Levels and vault maps discovered:
D:1:      minmay_arrival_four_loops, layout_basic, minmay_hedge_maze,
          minmay_splitting_lines, minmay_tetromino_i2
D:2:      layout_basic, serial_shops, nicolae_shop_tiny_waterfront
D:3:      layout_basic, chequers_temple_overflow_statue_of_worship, st_stairs_3,
          uniq_jessica, uniq_crazy_yiuf_cottage

Skill      XL: |  1  2 |
---------------+-------+-----
Ranged Weapons | 3 |  3.8
Fighting       | 2 |  2.0
Dodging        | |  1.5
Spellcasting   | |  1.0
Hexes          | |  2.6

Action                     || total
---------------------------++-------
   Fire: Sling             ||    89
    Use: Scroll            ||     8
         Potion            ||     2
 Armour: Robe              ||     7
         Leather armour    ||     4
  Dodge: Dodged            ||    33

Table legend:
 A = Non-vault XP
 B = Vault XP
 C = Vault XP percentage of total XP
 D = Non-vault monster count
 E = Vault monster count
 F = Vault count percentage of total count
                 A         B        C        D         E       F
            +---------+---------+-------+---------+---------+-------
      Total |      77 |       2 |   2.5 |      28 |       1 |   3.4
            +---------+---------+-------+---------+---------+-------
        D:1 |      28 |       2 |   6.7 |      15 |       1 |   6.2
        D:2 |      49 |       0 |   0.0 |      13 |       0 |   0.0
            +---------+---------+-------+---------+---------+-------
